 Dungeon Crawl Stone Soup version 0.24-a0-447-ge8da9206dc (webtiles) character file.

Game seed: 355826565484219089

66 VAD3MB3R the Conjurer (level 3, 0/19 HPs)
             Began as a Deep Elf Conjurer on June 25, 2019.
             Succumbed to an adder's poison
             ... on level 2 of the Dungeon.
             The game lasted 00:11:31 (1325 turns).

VAD3MB3R the Conjurer (Deep Elf Conjurer)           Turns: 1325, Time: 00:11:31

Health: 0/19       AC:  3    Str: 11    XL:     3   Next: 96%
Magic:  10/10      EV: 13    Int: 19    God:
Gold:   22         SH:  0    Dex: 15    Spells: 6/9 levels left

rFire    . . .     SeeInvis .   h - +2 dagger (venom)
rCold    . . .     Gourm    .   (no shield)
rNeg     . . .     Faith    .   a - +1 robe
rPois    .         Spirit   .   (no helmet)
rElec    .         Reflect  .   (no cloak)
rCorr    .         Harm     .   (no gloves)
MR       .....                  (no boots)
Stlth    ++........             (no amulet)
HPRegen  0.06/turn              (no ring)
MPRegen  0.12/turn              (no ring)

@: mighty, lethally poisoned (0 -> -10), about to teleport
A: no striking features
a: no special abilities


You were on level 2 of the Dungeon.
You were not hungry.

You visited 1 branch of the dungeon, and saw 2 of its levels.

You collected 22 gold pieces.

Inventory:

Hand Weapons
 h - a +2 dagger of venom (weapon)
Missiles
 g - 41 bolts
 k - 17 arrows
 l - 23 sling bullets
 m - 26 stones (quivered)
Armour
 a - a +1 robe (worn)
 n - a cursed +0 cloak
Scrolls
 b - a scroll of teleportation
 i - a scroll of enchant armour
Potions
 d - a potion of might
 f - a potion of berserk rage {unknown}
Comestibles
 c - 2 rations


   Skills:
 + Level 2.8 Dodging
 + Level 3.1 Stealth
 + Level 3.5 Spellcasting
 + Level 5.5 Conjurations


You had 6 spell levels left.
You knew the following spells:

 Your Spells              Type           Power        Failure   Level  Hunger
a - Magic Dart            Conj           ###.         1%          1    None
b - Searing Ray           Conj           ###...       2%          2    ##.....

Your spell library contained the following spells:

 Spells                   Type           Power        Failure   Level  Hunger
 Dazzling Spray           Conj/Hex       ##....       14%         3    ###....
 Iskenderun's Mystic Bla  Conj           ###.....     16%         4    ####...
 Force Lance              Conj/Tloc      ##......     43%         4    ####...
 Fulminant Prism          Conj/Hex       ##........   43%         4    ####...


Dungeon Overview and Level Annotations

Branches:
Dungeon (2/15)

Altars:


Message History

You are poisoned.
The adder poisons you!
The kobold throws a stone.
The stone hits you but does no damage.
You barely miss the adder.
The adder is severely wounded.
You feel sick. The adder bites you but does no damage.
The kobold throws a stone.
The stone closely misses you.
As you read the scroll of teleportation, it crumbles to dust.
You feel strangely unstable. The adder closely misses you.
The kobold throws a stone.
The stone barely misses you. The adder bites you.
You are lethally poisoned!
The adder poisons you!
It was a potion of might.
You feel very mighty all of a sudden.
You feel sick. The adder bites you.
* * * LOW HITPOINT WARNING * * *
The kobold throws a stone.
The stone hits you.
* * * LOW HITPOINT WARNING * * *
It was a potion of magic.
Magic courses through your body.
You die...

.#####.########...>....# #
.......# #.######## ########
#<# #.# #.# ****#* *** #.#
*,..,* **,**#.####.##.*****
*#.#.##.#.(.....,,,,*
*,#.....@S......,,,,*
*******
*#.K.##.#)##.##.*,,,*
,,,,,,* ##.*#....#*,**,*,,**
*****,* #,#......,,,,,,,,**
****,*****,##...###,,,,**,,*
*,,,,,,,,,,*##.## ********,*
**,**,******* #.# *,*
,,,,,,* #.* *,* **,****
**'** *,*


You could see an adder and a kobold.

Vanquished Creatures
  3 adders (D:2)
  A worm (D:2)
  A leopard gecko (D:1)
  3 giant cockroaches
  4 goblins
  8 hobgoblins
  A ball python (D:1)
  3 bats
  2 frilled lizards (D:1)
  6 kobolds
  3 rats
35 creatures vanquished.

Notes
Turn   | Place    | Note
-------+----------+-------------------------------------------
     0 | D:1      | VAD3MB3R the Deep Elf Conjurer began the quest for the Orb.
     0 | D:1      | Reached XP level 1. HP: 10/10 MP: 6/6
   198 | D:1      | Reached XP level 2. HP: 15/15 MP: 6/8
   202 | D:1      | Learned a level 2 spell: Searing Ray
   522 | D:1      | Reached skill level 5 in Conjurations
   765 | D:2      | Reached XP level 3. HP: 19/19 MP: 3/9
  1325 | D:2      | Succumbed to an adder's poison

Levels and vault maps discovered:
D:1:      nzn_arrival_crosshair, layout_basic
D:2:      layout_loops_corners

Skill      XL: |  1  2  3 |
---------------+----------+-----
Conjurations   | 5 |  5.5
Stealth        | 3 |  3.1
Dodging        | |  2.8
Spellcasting   | |  3.5

Action                   || total
-------------------------++-------
Melee: Dagger            ||    14
 Cast: Magic Dart        ||    65
       Searing Ray       ||     1
  Use: Scroll            ||     6
       Potion            ||     2
  Eat: Ration            ||     1
Armor: Robe              ||     7
Dodge: Dodged            ||    24

Table legend:
 A = Non-vault XP
 B = Vault XP
 C = Vault XP percentage of total XP
 D = Non-vault monster count
 E = Vault monster count
 F = Vault count percentage of total count
                 A         B        C        D         E       F
            +---------+---------+-------+---------+---------+-------
      Total |      95 |       0 |   0.0 |      35 |       0 |   0.0
            +---------+---------+-------+---------+---------+-------
        D:1 |      31 |       0 |   0.0 |      19 |       0 |   0.0
        D:2 |      64 |       0 |   0.0 |      16 |       0 |   0.0
            +---------+---------+-------+---------+---------+-------
